 Dungeon Crawl Stone Soup version 0.27-a0-650-g8dd3ea4f36 (webtiles) character file.

Game seed: 15581398298212341526

121 tsouns the Shield-Bearer (level 5, 0/47 HPs)
             Began as a Gnoll Fighter on Mar 16, 2021.
             Slain by an adder (1 damage)
             ... on level 3 of the Dungeon.
             The game lasted 00:02:48 (1908 turns).

tsouns the Shield-Bearer (Gnoll Fighter)            Turns: 1908, Time: 00:02:48

Health: 0/47       AC:  4    Str: 16    XL:     5   Next: 5%
Magic:  6/6        EV: 10    Int:  8    God:
Gold:   144        SH: 10    Dex: 11    Spells: 6/6 levels left

rFire    . . .     SeeInvis .   p - +1 whip (elec)
rCold    . . .     Faith    .   c - +0 kite shield
rNeg     . . .     Spirit   .   o - +2 robe {Will+}
rPois    .         Reflect  .   (no helmet)
rElec    .         Harm     .   (no cloak)
rCorr    .         Rampage  .   (no gloves)
Will     +....                  (no boots)
Stlth    ++........             (no amulet)
HPRegen  0.15/turn              (no ring)
MPRegen  0.10/turn              (no ring)

@: lethally poisoned (0 -> -2)
A: fangs 1, strong nose, distributed training
a: no special abilities


You were on level 3 of the Dungeon.
You visited 1 branch of the dungeon, and saw 3 of its levels.

You collected 144 gold pieces.

Inventory:

Hand Weapons
 a - a +0 flail
 p - a +1 whip of electrocution (weapon)
Armour
 c - a +0 kite shield (worn)
 o - a +2 robe of willpower (worn)
Scrolls
 b - a scroll of fear {unknown}
 f - a scroll of blinking {unknown}
 g - 2 scrolls of identify {unknown}
 h - a scroll of enchant weapon {unknown}
 i - 2 scrolls of teleportation {unknown}
 j - a scroll of enchant armour {unknown}
 k - 2 scrolls of amnesia {unknown}
 r - a scroll of fog {unknown}
Potions
 d - a potion of might
 e - 2 potions of brilliance {unknown}
 l - a potion of haste {unknown}
 m - 2 potions of lignification {unknown}
 n - a potion of mutation {unknown}
 q - a potion of berserk rage {unknown}


   Skills:
 + Level 6.6 Fighting
 + Level 1.3 Short Blades
 + Level 1.3 Long Blades
 + Level 1.3 Axes
 + Level 4.7 Maces & Flails
 + Level 1.3 Polearms
 + Level 1.3 Staves
 + Level 1.3 Slings
 + Level 1.3 Bows
 + Level 1.3 Crossbows
 + Level 1.3 Throwing
 + Level 6.6 Armour
 + Level 1.3 Dodging
 + Level 1.3 Stealth
 + Level 6.6 Shields
 + Level 1.3 Unarmed Combat
 + Level 1.3 Spellcasting
 + Level 1.0 Conjurations
 + Level 1.0 Hexes
 + Level 1.0 Summonings
 + Level 1.0 Necromancy
 + Level 1.0 Translocations
 + Level 1.0 Transmutations
 + Level 1.0 Fire Magic
 + Level 1.0 Ice Magic
 + Level 1.0 Air Magic
 + Level 1.0 Earth Magic
 + Level 1.0 Poison Magic
 + Level 1.4 Invocations
 + Level 1.3 Evocations


You had 6 spell levels left.
You didn't know any spells.
Your spell library contained the following spells:

 Spells                   Type           Power      Damage    Failure   Level
 Magic Dart               Conj           8%         1d3       58%         1
 Blink                    Tloc           N/A        N/A       73%         2
 Call Imp                 Summ           2%         N/A       73%         2
 Slow                     Hex            2%         N/A       73%         2
 Conjure Flame            Conj/Fire      2%         6-21      91%         3
 Mephitic Cloud           Conj/Pois/Air  2%         N/A       91%         3


Dungeon Overview and Level Annotations

Branches:
Dungeon (3/15)

Altars:
Zin

Annotations:
D:3 Sigmund


Innate Abilities, Weirdness & Mutations

You have very sharp teeth.
Your uncanny sense of smell can sniff out nearby items.
Your experience applies equally to all skills.


Message History

The adder is heavily wounded.
You feel sick. The adder bites you.
Sigmund hits you from afar with a +0 scythe!
The adder barely misses you.
You are too injured to fight recklessly!
You are too injured to fight recklessly!
You are too injured to fight recklessly!
You are too injured to fight recklessly!
You are too injured to fight recklessly!
You are too injured to fight recklessly!
You are too injured to fight recklessly!
You feel sick. The adder barely misses you.
You feel sick. The adder closely misses you.
You feel sick.
Sigmund casts a spell at himself.
Sigmund flickers and vanishes!
Deactivating autopickup; reactivate with Ctrl-A.
You block the adder's attack.
You hit the adder.
The adder is severely wounded.
You feel sick. The adder barely misses you.
You closely miss the adder. Your bite misses the adder.
The adder is severely wounded.
The adder barely misses you. The adder bites you.
* * * LOW HITPOINT WARNING * * *
You are more poisoned.
The adder poisons you!
You closely miss the adder.
The adder is severely wounded.
The adder bites you.
* * * LOW HITPOINT WARNING * * *
Something hits you.
* * * LOW HITPOINT WARNING * * *
You barely miss the adder. Your bite misses the adder.
The adder is severely wounded.
* * * LOW HITPOINT WARNING * * *
You feel sick. The adder bites you.
You die...

..#..###.##.# ###.....)†.
#.#..#...##.# #...####..#
#.#....####.# #.### ##.#
#...{### #.###.# ###..
#....# #.##..# #..>.
####....# #.##.## #..###
........# ###.##.#####.##
#
..###.#.####..............
# #
#......S@.#.##.#####.#. .
#...#..#####.##.# #
....#.#(.# #.##.# # .#.##
#... ...... #. ###..
..#### ......# ......#
.#....#


You could see an adder.

Vanquished Creatures
  Jessica (D:2)
  A gnoll (D:1)
  3 adders
  A worm (D:2)
  2 dart slugs
  A leopard gecko (D:1)
  5 giant cockroaches (D:1)
  8 goblins
  6 hobgoblins
  3 jackals (D:1)
  7 kobolds
  7 bats
  2 frilled lizards (D:2)
  3 rats
50 creatures vanquished.

Notes
Turn   | Place    | Note
-------+----------+-------------------------------------------
     0 | D:1      | tsouns the Gnoll Fighter began the quest for the Orb.
     0 | D:1      | Reached XP level 1. HP: 23/23 MP: 1/1
    86 | D:1      | Reached XP level 2. HP: 25/29 MP: 2/2
   344 | D:1      | Reached XP level 3. HP: 25/35 MP: 3/3
   766 | D:1      | Reached skill level 1 in Invocations
   982 | D:2      | Reached skill level 1 in Short Blades
   982 | D:2      | Reached skill level 1 in Long Blades
   982 | D:2      | Reached skill level 1 in Axes
   982 | D:2      | Reached skill level 1 in Polearms
   982 | D:2      | Reached skill level 1 in Staves
   982 | D:2      | Reached skill level 1 in Slings
   982 | D:2      | Reached skill level 1 in Bows
   982 | D:2      | Reached skill level 1 in Crossbows
   982 | D:2      | Reached skill level 1 in Throwing
   982 | D:2      | Reached skill level 1 in Dodging
   982 | D:2      | Reached skill level 1 in Stealth
   982 | D:2      | Reached skill level 1 in Unarmed Combat
   982 | D:2      | Reached skill level 1 in Spellcasting
   982 | D:2      | Reached skill level 1 in Evocations
  1058 | D:2      | Reached XP level 4. HP: 40/41 MP: 5/5
  1215 | D:2      | Found a glowing silver altar of Zin.
  1387 | D:2      | Noticed Jessica
  1389 | D:2      | Killed Jessica
  1390 | D:2      | Reached skill level 1 in Conjurations
  1390 | D:2      | Reached skill level 1 in Hexes
  1390 | D:2      | Reached skill level 1 in Summonings
  1390 | D:2      | Reached skill level 1 in Necromancy
  1390 | D:2      | Reached skill level 1 in Translocations
  1390 | D:2      | Reached skill level 1 in Transmutations
  1390 | D:2      | Reached skill level 1 in Fire Magic
  1390 | D:2      | Reached skill level 1 in Ice Magic
  1390 | D:2      | Reached skill level 1 in Air Magic
  1390 | D:2      | Reached skill level 1 in Earth Magic
  1390 | D:2      | Reached skill level 1 in Poison Magic
  1878 | D:3      | Reached XP level 5. HP: 47/47 MP: 6/6
  1887 | D:3      | Noticed Sigmund
  1907 | D:3      | HP: 2/47 [something (5)]
  1908 | D:3      | Slain by an adder

Illustrated notes

Levels and vault maps discovered:
D:1:      dpeg_arrival_prison, layout_basic, minmay_misc_feat_pillars
D:2:      layout_loops_ring, lemuel_crystal_altar, uniq_jessica
D:3:      layout_rooms, uniq_sigmund

Skill      XL: |  1  2  3  4 |
---------------+-------------+-----
Invocations    | 1 |  1.4
Short Blades   | 1 |  1.3
Long Blades    | 1 |  1.3
Axes           | 1 |  1.3
Polearms       | 1 |  1.3
Staves         | 1 |  1.3
Slings         | 1 |  1.3
Bows           | 1 |  1.3
Crossbows      | 1 |  1.3
Throwing       | 1 |  1.3
Dodging        | 1 |  1.3
Stealth        | 1 |  1.3
Unarmed Combat | 1 |  1.3
Spellcasting   | 1 |  1.3
Evocations     | 1 |  1.3
Conjurations   | 1 |  1.0
Hexes          | 1 |  1.0
Summonings     | 1 |  1.0
Necromancy     | 1 |  1.0
Translocations | 1 |  1.0
Transmutations | 1 |  1.0
Fire Magic     | 1 |  1.0
Ice Magic      | 1 |  1.0
Air Magic      | 1 |  1.0
Earth Magic    | 1 |  1.0
Poison Magic   | 1 |  1.0
Fighting       | |  6.6
Maces & Flails | |  4.7
Armour         | |  6.6
Shields        | |  6.6

Action                   |  1- 3 |  4- 6 || total
-------------------------+-------+-------++-------
Melee: Flail             |    84 |    44 ||   128
       Bite              |    10 |     7 ||    17
       Whip              |       |    24 ||    24
 Stab: Sleeping          |       |     1 ||     1
Armor: Scale mail        |    19 |    22 ||    41
       Robe              |       |     1 ||     1
Dodge: Dodged            |    23 |    31 ||    54
Block: Kite shield       |    55 |    48 ||   103

Table legend: (Time is in decaauts)
 A = Elapsed time spent in this place.
 B = Non-inter-level travel time spent in this place.
 C = Inter-level travel time spent in this place.
 D = Time resting spent in this place.
 E = Time spent auto-exploring this place.
 F = Levels seen in this place.
 G = Mean time per level.
                   A        B        C        D        E       F      G
               +--------+--------+--------+--------+--------+-----+--------+
         Total |   1951 |   1938 |     13 |      0 |   1561 |   3 |  650.3 |
       Dungeon |   1951 |   1938 |     13 |      0 |   1561 |   3 |  650.3 |
               +--------+--------+--------+--------+--------+-----+--------+

Top non-repeatable levels by time:
     D:2: 911 daAuts
     D:1: 872 daAuts
     D:3: 167 daAuts
